Workbook

Sheet Tableau de bord
A1: Tableau de bord — Conciliation bancaire
A3: Entreprise | B3: ='Paramètres'!$B$3
A4: Compte bancaire | B4: ='Paramètres'!$B$5
A5: Période conciliée | B5: =CONCATENATE(TEXT('Paramètres'!$B$6,"yyyy-mm-dd")," au ",TEXT('Paramètres'!$B$7,"yyyy-mm-dd"))
A7: Opérations appariées | C7: Banque seulement | E7: Livres seulement
B8: =IFERROR(COUNTIF('Transactions à rapprocher'!$R$4:$R$103,"Apparié"),0) | D8: =IFERROR(COUNTIF('Transactions à rapprocher'!$R$4:$R$103,"Banque seulement"),0) | F8: =IFERROR(COUNTIF('Transactions à rapprocher'!$R$4:$R$103,"Livres seulement"),0)
A10: Écarts à vérifier | C10: Écart final | E10: Statut de la conciliation
B11: =IFERROR(COUNTIF('Transactions à rapprocher'!$R$4:$R$103,"Écart à vérifier")+COUNTIF('Transactions à rapprocher'!$R$4:$R$103,"Erreur de saisie"),0) | D11: =IFERROR('Conciliation'!$B$26,0) | F11: ='Conciliation'!$B$27
B12: =""
B13: =""
B14: =""
B15: =""
B16: =""
B17: =""
B18: =""
B19: =""
B20: =""
B21: =""
B22: =""
B23: =""
... B101: =""

Sheet Paramètres
A1: Paramètres de la conciliation bancaire
E2: Catégories comptables | G2: Types d’opérations
A3: Nom de l’entreprise | B3: Atelier Boréal inc. | E3: Ventes | G3: Dépôt client
A4: Institution financière | B4: Caisse Desjardins | E4: Comptes clients | G4: Paiement fournisseur
A5: Compte bancaire | B5: Compte d’exploitation — 4582 | E5: Fournitures de bureau | G5: Chèque
A6: Début de la période | B6: 46235 | E6: Loyer | G6: Prélèvement automatique
A7: Fin de la période | B7: 46265 | E7: Logiciels et abonnements | G7: Virement
A8: Tolérance d’appariement | B8: 0.01 | E8: Frais bancaires | G8: Frais bancaires
A9: Solde du relevé bancaire au début | B9: 12450 | E9: Paie | G9: Paie
A10: Solde du relevé bancaire à la fin | B10: 13776.2 | E10: Comptes fournisseurs | G10: Loyer
A11: Solde comptable au début | B11: 12450 | E11: Autres revenus | G11: Achat par carte
A12: Préparé par | B12: Marie Tremblay | E12: Autres dépenses | G12: Autre
A13: Date de préparation | B13: 46267
A15: Consignes
A16: 1. Saisir les opérations du relevé bancaire et des livres dans la feuille « Transactions à rapprocher ».
A17: 2. Saisir les montants comme des valeurs positives dans la colonne Débit ou Crédit appropriée.
A18: 3. Ne pas inscrire un montant à la fois en débit et en crédit pour une même source.
A19: 4. Vérifier que l’écart final de la feuille « Conciliation » est de 0,00 $.

Sheet Transactions à rapprocher
A1: Transactions à rapprocher
A3: No de rapprochement | B3: Date banque | C3: Référence banque | D3: Description banque | E3: Débit banque | F3: Crédit banque | G3: Montant banque | H3: Date livres | I3: No de pièce | J3: Description livres | K3: Débit livres | L3: Crédit livres | M3: Montant livres | N3: Catégorie comptable | O3: Type d’opération | P3: Contrôle saisie | Q3: Écart | R3: Statut | S3: Notes de suivi
A4: R-001 | B4: 46237 | C4: DEP-0803 | D4: Dépôt Interac — Client Tremblay | F4: 2650 | G4: =IF(COUNTA(E4:F4)=0,"",IFERROR(IF(F4="",0,F4)-IF(E4="",0,E4),0)) | H4: 46237 | I4: DEP-260803 | J4: Encaissement facture F-1042 | L4: 2650 | M4: =IF(COUNTA(K4:L4)=0,"",IFERROR(IF(L4="",0,L4)-IF(K4="",0,K4),0)) | N4: Ventes | O4: Dépôt client | P4: =IF(COUNTA(E4:F4,K4:L4)=0,"",IF(AND(E4<>"",F4<>""),"Corriger banque",IF(AND(K4<>"",L4<>""),"Corriger livres","OK"))) | Q4: =IF(COUNTA(E4:F4,K4:L4)=0,"",IFERROR((IF(F4="",0,F4)-IF(E4="",0,E4))-(IF(L4="",0,L4)-IF(K4="",0,K4)),0)) | R4: =IF(COUNTA(B4,H4,E4:F4,K4:L4)=0,"",IF(P4<>"OK","Erreur de saisie",IF(AND(OR(E4<>"",F4<>""),OR(K4<>"",L4<>"")),IF(IF(Q4<0,-Q4,Q4)<='Paramètres'!$B$8,"Apparié","Écart à vérifier"),IF(OR(E4<>"",F4<>""),"Banque seulement","Livres seulement")))) | S4: Appariement confirmé
A5: R-002 | B5: 46239 | C5: PRL-0805 | D5: Prélèvement loyer commercial | E5: 1185.4 | G5: =IF(COUNTA(E5:F5)=0,"",IFERROR(IF(F5="",0,F5)-IF(E5="",0,E5),0)) | H5: 46239 | I5: EFT-260805 | J5: Loyer août 2026 | K5: 1185.4 | M5: =IF(COUNTA(K5:L5)=0,"",IFERROR(IF(L5="",0,L5)-IF(K5="",0,K5),0)) | N5: Loyer | O5: Loyer | P5: =IF(COUNTA(E5:F5,K5:L5)=0,"",IF(AND(E5<>"",F5<>""),"Corriger banque",IF(AND(K5<>"",L5<>""),"Corriger livres","OK"))) | Q5: =IF(COUNTA(E5:F5,K5:L5)=0,"",IFERROR((IF(F5="",0,F5)-IF(E5="",0,E5))-(IF(L5="",0,L5)-IF(K5="",0,K5)),0)) | R5: =IF(COUNTA(B5,H5,E5:F5,K5:L5)=0,"",IF(P5<>"OK","Erreur de saisie",IF(AND(OR(E5<>"",F5<>""),OR(K5<>"",L5<>"")),IF(IF(Q5<0,-Q5,Q5)<='Paramètres'!$B$8,"Apparié","Écart à vérifier"),IF(OR(E5<>"",F5<>""),"Banque seulement","Livres seulement")))) | S5: Appariement confirmé
A6: R-003 | B6: 46242 | C6: ACH-8821 | D6: Papeterie du Vieux-Port | E6: 347.26 | G6: =IF(COUNTA(E6:F6)=0,"",IFERROR(IF(F6="",0,F6)-IF(E6="",0,E6),0)) | H6: 46242 | I6: FAC-8821 | J6: Achat de fournitures de bureau | K6: 347.26 | M6: =IF(COUNTA(K6:L6)=0,"",IFERROR(IF(L6="",0,L6)-IF(K6="",0,K6),0)) | N6: Fournitures de bureau | O6: Achat par carte | P6: =IF(COUNTA(E6:F6,K6:L6)=0,"",IF(AND(E6<>"",F6<>""),"Corriger banque",IF(AND(K6<>"",L6<>""),"Corriger livres","OK"))) | Q6: =IF(COUNTA(E6:F6,K6:L6)=0,"",IFERROR((IF(F6="",0,F6)-IF(E6="",0,E6))-(IF(L6="",0,L6)-IF(K6="",0,K6)),0)) | R6: =IF(COUNTA(B6,H6,E6:F6,K6:L6)=0,"",IF(P6<>"OK","Erreur de saisie",IF(AND(OR(E6<>"",F6<>""),OR(K6<>"",L6<>"")),IF(IF(Q6<0,-Q6,Q6)<='Paramètres'!$B$8,"Apparié","Écart à vérifier"),IF(OR(E6<>"",F6<>""),"Banque seulement","Livres seulement")))) | S6: Appariement confirmé
A7: R-004 | B7: 46244 | C7: PAD-ADOBE | D7: Adobe Creative Cloud | E7: 68.99 | G7: =IF(COUNTA(E7:F7)=0,"",IFERROR(IF(F7="",0,F7)-IF(E7="",0,E7),0)) | H7: 46244 | I7: PAD-260810 | J7: Abonnement logiciel Adobe | K7: 68.99 | M7: =IF(COUNTA(K7:L7)=0,"",IFERROR(IF(L7="",0,L7)-IF(K7="",0,K7),0)) | N7: Logiciels et abonnements | O7: Prélèvement automatique | P7: =IF(COUNTA(E7:F7,K7:L7)=0,"",IF(AND(E7<>"",F7<>""),"Corriger banque",IF(AND(K7<>"",L7<>""),"Corriger livres","OK"))) | Q7: =IF(COUNTA(E7:F7,K7:L7)=0,"",IFERROR((IF(F7="",0,F7)-IF(E7="",0,E7))-(IF(L7="",0,L7)-IF(K7="",0,K7)),0)) | R7: =IF(COUNTA(B7,H7,E7:F7,K7:L7)=0,"",IF(P7<>"OK","Erreur de saisie",IF(AND(OR(E7<>"",F7<>""),OR(K7<>"",L7<>"")),IF(IF(Q7<0,-Q7,Q7)<='Paramètres'!$B$8,"Apparié","Écart à vérifier"),IF(OR(E7<>"",F7<>""),"Banque seulement","Livres seulement")))) | S7: Appariement confirmé
A8: R-005 | B8: 46249 | C8: PAY-0815 | D8: Paie nette — période 01 | E8: 240 | G8: =IF(COUNTA(E8:F8)=0,"",IFERROR(IF(F8="",0,F8)-IF(E8="",0,E8),0)) | H8: 46249 | I8: PAY-260815 | J8: Paie nette versée | K8: 240 | M8: =IF(COUNTA(K8:L8)=0,"",IFERROR(IF(L8="",0,L8)-IF(K8="",0,K8),0)) | N8: Paie | O8: Paie | P8: =IF(COUNTA(E8:F8,K8:L8)=0,"",IF(AND(E8<>"",F8<>""),"Corriger banque",IF(AND(K8<>"",L8<>""),"Corriger livres","OK"))) | Q8: =IF(COUNTA(E8:F8,K8:L8)=0,"",IFERROR((IF(F8="",0,F8)-IF(E8="",0,E8))-(IF(L8="",0,L8)-IF(K8="",0,K8)),0)) | R8: =IF(COUNTA(B8,H8,E8:F8,K8:L8)=0,"",IF(P8<>"OK","Erreur de saisie",IF(AND(OR(E8<>"",F8<>""),OR(K8<>"",L8<>"")),IF(IF(Q8<0,-Q8,Q8)<='Paramètres'!$B$8,"Apparié","Écart à vérifier"),IF(OR(E8<>"",F8<>""),"Banque seulement","Livres seulement")))) | S8: Appariement confirmé
A9: R-006 | B9: 46251 | C9: DEP-0817 | D9: Dépôt client — Gestion Nord | F9: 1125 | G9: =IF(COUNTA(E9:F9)=0,"",IFERROR(IF(F9="",0,F9)-IF(E9="",0,E9),0)) | H9: 46251 | I9: DEP-260817 | J9: Encaissement facture F-1048 | L9: 1125 | M9: =IF(COUNTA(K9:L9)=0,"",IFERROR(IF(L9="",0,L9)-IF(K9="",0,K9),0)) | N9: Ventes | O9: Dépôt client | P9: =IF(COUNTA(E9:F9,K9:L9)=0,"",IF(AND(E9<>"",F9<>""),"Corriger banque",IF(AND(K9<>"",L9<>""),"Corriger livres","OK"))) | Q9: =IF(COUNTA(E9:F9,K9:L9)=0,"",IFERROR((IF(F9="",0,F9)-IF(E9="",0,E9))-(IF(L9="",0,L9)-IF(K9="",0,K9)),0)) | R9: =IF(COUNTA(B9,H9,E9:F9,K9:L9)=0,"",IF(P9<>"OK","Erreur de saisie",IF(AND(OR(E9<>"",F9<>""),OR(K9<>"",L9<>"")),IF(IF(Q9<0,-Q9,Q9)<='Paramètres'!$B$8,"Apparié","Écart à vérifier"),IF(OR(E9<>"",F9<>""),"Banque seulement","Livres seulement")))) | S9: Appariement confirmé
A10: R-007 | B10: 46256 | C10: CHQ-1048 | D10: Chèque Fournitures Gagnon | E10: 892.15 | G10: =IF(COUNTA(E10:F10)=0,"",IFERROR(IF(F10="",0,F10)-IF(E10="",0,E10),0)) | H10: 46256 | I10: CHQ-1048 | J10: Paiement fournisseur Fournitures Gagnon | K10: 892.15 | M10: =IF(COUNTA(K10:L10)=0,"",IFERROR(IF(L10="",0,L10)-IF(K10="",0,K10),0)) | N10: Comptes fournisseurs | O10: Chèque | P10: =IF(COUNTA(E10:F10,K10:L10)=0,"",IF(AND(E10<>"",F10<>""),"Corriger banque",IF(AND(K10<>"",L10<>""),"Corriger livres","OK"))) | Q10: =IF(COUNTA(E10:F10,K10:L10)=0,"",IFERROR((IF(F10="",0,F10)-IF(E10="",0,E10))-(IF(L10="",0,L10)-IF(K10="",0,K10)),0)) | R10: =IF(COUNTA(B10,H10,E10:F10,K10:L10)=0,"",IF(P10<>"OK","Erreur de saisie",IF(AND(OR(E10<>"",F10<>""),OR(K10<>"",L10<>"")),IF(IF(Q10<0,-Q10,Q10)<='Paramètres'!$B$8,"Apparié","Écart à vérifier"),IF(OR(E10<>"",F10<>""),"Banque seulement","Livres seulement")))) | S10: Appariement confirmé
A11: R-008 | B11: 46261 | C11: FRAIS-0827 | D11: Frais mensuels de compte | E11: 15 | G11: =IF(COUNTA(E11:F11)=0,"",IFERROR(IF(F11="",0,F11)-IF(E11="",0,E11),0)) | M11: =IF(COUNTA(K11:L11)=0,"",IFERROR(IF(L11="",0,L11)-IF(K11="",0,K11),0)) | N11: Frais bancaires | O11: Frais bancaires | P11: =IF(COUNTA(E11:F11,K11:L11)=0,"",IF(AND(E11<>"",F11<>""),"Corriger banque",IF(AND(K11<>"",L11<>""),"Corriger livres","OK"))) | Q11: =IF(COUNTA(E11:F11,K11:L11)=0,"",IFERROR((IF(F11="",0,F11)-IF(E11="",0,E11))-(IF(L11="",0,L11)-IF(K11="",0,K11)),0)) | R11: =IF(COUNTA(B11,H11,E11:F11,K11:L11)=0,"",IF(P11<>"OK","Erreur de saisie",IF(AND(OR(E11<>"",F11<>""),OR(K11<>"",L11<>"")),IF(IF(Q11<0,-Q11,Q11)<='Paramètres'!$B$8,"Apparié","Écart à vérifier"),IF(OR(E11<>"",F11<>""),"Banque seulement","Livres seulement")))) | S11: À comptabiliser dans les livres
A12: R-009 | B12: 46263 | C12: DEP-0829 | D12: Dépôt client — Services MTL | F12: 300 | G12: =IF(COUNTA(E12:F12)=0,"",IFERROR(IF(F12="",0,F12)-IF(E12="",0,E12),0)) | M12: =IF(COUNTA(K12:L12)=0,"",IFERROR(IF(L12="",0,L12)-IF(K12="",0,K12),0)) | N12: Ventes | O12: Dépôt client | P12: =IF(COUNTA(E12:F12,K12:L12)=0,"",IF(AND(E12<>"",F12<>""),"Corriger banque",IF(AND(K12<>"",L12<>""),"Corriger livres","OK"))) | Q12: =IF(COUNTA(E12:F12,K12:L12)=0,"",IFERROR((IF(F12="",0,F12)-IF(E12="",0,E12))-(IF(L12="",0,L12)-IF(K12="",0,K12)),0)) | R12: =IF(COUNTA(B12,H12,E12:F12,K12:L12)=0,"",IF(P12<>"OK","Erreur de saisie",IF(AND(OR(E12<>"",F12<>""),OR(K12<>"",L12<>"")),IF(IF(Q12<0,-Q12,Q12)<='Paramètres'!$B$8,"Apparié","Écart à vérifier"),IF(OR(E12<>"",F12<>""),"Banque seulement","Livres seulement")))) | S12: Dépôt bancaire à comptabiliser
A13: R-010 | G13: =IF(COUNTA(E13:F13)=0,"",IFERROR(IF(F13="",0,F13)-IF(E13="",0,E13),0)) | H13: 46265 | I13: CHQ-1052 | J13: Chèque émis à Imprimerie Québec | K13: 412.5 | M13: =IF(COUNTA(K13:L13)=0,"",IFERROR(IF(L13="",0,L13)-IF(K13="",0,K13),0)) | N13: Comptes fournisseurs | O13: Chèque | P13: =IF(COUNTA(E13:F13,K13:L13)=0,"",IF(AND(E13<>"",F13<>""),"Corriger banque",IF(AND(K13<>"",L13<>""),"Corriger livres","OK"))) | Q13: =IF(COUNTA(E13:F13,K13:L13)=0,"",IFERROR((IF(F13="",0,F13)-IF(E13="",0,E13))-(IF(L13="",0,L13)-IF(K13="",0,K13)),0)) | R13: =IF(COUNTA(B13,H13,E13:F13,K13:L13)=0,"",IF(P13<>"OK","Erreur de saisie",IF(AND(OR(E13<>"",F13<>""),OR(K13<>"",L13<>"")),IF(IF(Q13<0,-Q13,Q13)<='Paramètres'!$B$8,"Apparié","Écart à vérifier"),IF(OR(E13<>"",F13<>""),"Banque seulement","Livres seulement")))) | S13: Chèque en circulation au 31 août
G14: =IF(COUNTA(E14:F14)=0,"",IFERROR(IF(F14="",0,F14)-IF(E14="",0,E14),0)) | M14: =IF(COUNTA(K14:L14)=0,"",IFERROR(IF(L14="",0,L14)-IF(K14="",0,K14),0)) | P14: =IF(COUNTA(E14:F14,K14:L14)=0,"",IF(AND(E14<>"",F14<>""),"Corriger banque",IF(AND(K14<>"",L14<>""),"Corriger livres","OK"))) | Q14: =IF(COUNTA(E14:F14,K14:L14)=0,"",IFERROR((IF(F14="",0,F14)-IF(E14="",0,E14))-(IF(L14="",0,L14)-IF(K14="",0,K14)),0)) | R14: =IF(COUNTA(B14,H14,E14:F14,K14:L14)=0,"",IF(P14<>"OK","Erreur de saisie",IF(AND(OR(E14<>"",F14<>""),OR(K14<>"",L14<>"")),IF(IF(Q14<0,-Q14,Q14)<='Paramètres'!$B$8,"Apparié","Écart à vérifier"),IF(OR(E14<>"",F14<>""),"Banque seulement","Livres seulement"))))
G15: =IF(COUNTA(E15:F15)=0,"",IFERROR(IF(F15="",0,F15)-IF(E15="",0,E15),0)) | M15: =IF(COUNTA(K15:L15)=0,"",IFERROR(IF(L15="",0,L15)-IF(K15="",0,K15),0)) | P15: =IF(COUNTA(E15:F15,K15:L15)=0,"",IF(AND(E15<>"",F15<>""),"Corriger banque",IF(AND(K15<>"",L15<>""),"Corriger livres","OK"))) | Q15: =IF(COUNTA(E15:F15,K15:L15)=0,"",IFERROR((IF(F15="",0,F15)-IF(E15="",0,E15))-(IF(L15="",0,L15)-IF(K15="",0,K15)),0)) | R15: =IF(COUNTA(B15,H15,E15:F15,K15:L15)=0,"",IF(P15<>"OK","Erreur de saisie",IF(AND(OR(E15<>"",F15<>""),OR(K15<>"",L15<>"")),IF(IF(Q15<0,-Q15,Q15)<='Paramètres'!$B$8,"Apparié","Écart à vérifier"),IF(OR(E15<>"",F15<>""),"Banque seulement","Livres seulement"))))
G16: =IF(COUNTA(E16:F16)=0,"",IFERROR(IF(F16="",0,F16)-IF(E16="",0,E16),0)) | M16: =IF(COUNTA(K16:L16)=0,"",IFERROR(IF(L16="",0,L16)-IF(K16="",0,K16),0)) | P16: =IF(COUNTA(E16:F16,K16:L16)=0,"",IF(AND(E16<>"",F16<>""),"Corriger banque",IF(AND(K16<>"",L16<>""),"Corriger livres","OK"))) | Q16: =IF(COUNTA(E16:F16,K16:L16)=0,"",IFERROR((IF(F16="",0,F16)-IF(E16="",0,E16))-(IF(L16="",0,L16)-IF(K16="",0,K16)),0)) | R16: =IF(COUNTA(B16,H16,E16:F16,K16:L16)=0,"",IF(P16<>"OK","Erreur de saisie",IF(AND(OR(E16<>"",F16<>""),OR(K16<>"",L16<>"")),IF(IF(Q16<0,-Q16,Q16)<='Paramètres'!$B$8,"Apparié","Écart à vérifier"),IF(OR(E16<>"",F16<>""),"Banque seulement","Livres seulement"))))
G17: =IF(COUNTA(E17:F17)=0,"",IFERROR(IF(F17="",0,F17)-IF(E17="",0,E17),0)) | M17: =IF(COUNTA(K17:L17)=0,"",IFERROR(IF(L17="",0,L17)-IF(K17="",0,K17),0)) | P17: =IF(COUNTA(E17:F17,K17:L17)=0,"",IF(AND(E17<>"",F17<>""),"Corriger banque",IF(AND(K17<>"",L17<>""),"Corriger livres","OK"))) | Q17: =IF(COUNTA(E17:F17,K17:L17)=0,"",IFERROR((IF(F17="",0,F17)-IF(E17="",0,E17))-(IF(L17="",0,L17)-IF(K17="",0,K17)),0)) | R17: =IF(COUNTA(B17,H17,E17:F17,K17:L17)=0,"",IF(P17<>"OK","Erreur de saisie",IF(AND(OR(E17<>"",F17<>""),OR(K17<>"",L17<>"")),IF(IF(Q17<0,-Q17,Q17)<='Paramètres'!$B$8,"Apparié","Écart à vérifier"),IF(OR(E17<>"",F17<>""),"Banque seulement","Livres seulement"))))
G18: =IF(COUNTA(E18:F18)=0,"",IFERROR(IF(F18="",0,F18)-IF(E18="",0,E18),0)) | M18: =IF(COUNTA(K18:L18)=0,"",IFERROR(IF(L18="",0,L18)-IF(K18="",0,K18),0)) | P18: =IF(COUNTA(E18:F18,K18:L18)=0,"",IF(AND(E18<>"",F18<>""),"Corriger banque",IF(AND(K18<>"",L18<>""),"Corriger livres","OK"))) | Q18: =IF(COUNTA(E18:F18,K18:L18)=0,"",IFERROR((IF(F18="",0,F18)-IF(E18="",0,E18))-(IF(L18="",0,L18)-IF(K18="",0,K18)),0)) | R18: =IF(COUNTA(B18,H18,E18:F18,K18:L18)=0,"",IF(P18<>"OK","Erreur de saisie",IF(AND(OR(E18<>"",F18<>""),OR(K18<>"",L18<>"")),IF(IF(Q18<0,-Q18,Q18)<='Paramètres'!$B$8,"Apparié","Écart à vérifier"),IF(OR(E18<>"",F18<>""),"Banque seulement","Livres seulement"))))
G19: =IF(COUNTA(E19:F19)=0,"",IFERROR(IF(F19="",0,F19)-IF(E19="",0,E19),0)) | M19: =IF(COUNTA(K19:L19)=0,"",IFERROR(IF(L19="",0,L19)-IF(K19="",0,K19),0)) | P19: =IF(COUNTA(E19:F19,K19:L19)=0,"",IF(AND(E19<>"",F19<>""),"Corriger banque",IF(AND(K19<>"",L19<>""),"Corriger livres","OK"))) | Q19: =IF(COUNTA(E19:F19,K19:L19)=0,"",IFERROR((IF(F19="",0,F19)-IF(E19="",0,E19))-(IF(L19="",0,L19)-IF(K19="",0,K19)),0)) | R19: =IF(COUNTA(B19,H19,E19:F19,K19:L19)=0,"",IF(P19<>"OK","Erreur de saisie",IF(AND(OR(E19<>"",F19<>""),OR(K19<>"",L19<>"")),IF(IF(Q19<0,-Q19,Q19)<='Paramètres'!$B$8,"Apparié","Écart à vérifier"),IF(OR(E19<>"",F19<>""),"Banque seulement","Livres seulement"))))
G20: =IF(COUNTA(E20:F20)=0,"",IFERROR(IF(F20="",0,F20)-IF(E20="",0,E20),0)) | M20: =IF(COUNTA(K20:L20)=0,"",IFERROR(IF(L20="",0,L20)-IF(K20="",0,K20),0)) | P20: =IF(COUNTA(E20:F20,K20:L20)=0,"",IF(AND(E20<>"",F20<>""),"Corriger banque",IF(AND(K20<>"",L20<>""),"Corriger livres","OK"))) | Q20: =IF(COUNTA(E20:F20,K20:L20)=0,"",IFERROR((IF(F20="",0,F20)-IF(E20="",0,E20))-(IF(L20="",0,L20)-IF(K20="",0,K20)),0)) | R20: =IF(COUNTA(B20,H20,E20:F20,K20:L20)=0,"",IF(P20<>"OK","Erreur de saisie",IF(AND(OR(E20<>"",F20<>""),OR(K20<>"",L20<>"")),IF(IF(Q20<0,-Q20,Q20)<='Paramètres'!$B$8,"Apparié","Écart à vérifier"),IF(OR(E20<>"",F20<>""),"Banque seulement","Livres seulement"))))
G21: =IF(COUNTA(E21:F21)=0,"",IFERROR(IF(F21="",0,F21)-IF(E21="",0,E21),0)) | M21: =IF(COUNTA(K21:L21)=0,"",IFERROR(IF(L21="",0,L21)-IF(K21="",0,K21),0)) | P21: =IF(COUNTA(E21:F21,K21:L21)=0,"",IF(AND(E21<>"",F21<>""),"Corriger banque",IF(AND(K21<>"",L21<>""),"Corriger livres","OK"))) | Q21: =IF(COUNTA(E21:F21,K21:L21)=0,"",IFERROR((IF(F21="",0,F21)-IF(E21="",0,E21))-(IF(L21="",0,L21)-IF(K21="",0,K21)),0)) | R21: =IF(COUNTA(B21,H21,E21:F21,K21:L21)=0,"",IF(P21<>"OK","Erreur de saisie",IF(AND(OR(E21<>"",F21<>""),OR(K21<>"",L21<>"")),IF(IF(Q21<0,-Q21,Q21)<='Paramètres'!$B$8,"Apparié","Écart à vérifier"),IF(OR(E21<>"",F21<>""),"Banque seulement","Livres seulement"))))
G22: =IF(COUNTA(E22:F22)=0,"",IFERROR(IF(F22="",0,F22)-IF(E22="",0,E22),0)) | M22: =IF(COUNTA(K22:L22)=0,"",IFERROR(IF(L22="",0,L22)-IF(K22="",0,K22),0)) | P22: =IF(COUNTA(E22:F22,K22:L22)=0,"",IF(AND(E22<>"",F22<>""),"Corriger banque",IF(AND(K22<>"",L22<>""),"Corriger livres","OK"))) | Q22: =IF(COUNTA(E22:F22,K22:L22)=0,"",IFERROR((IF(F22="",0,F22)-IF(E22="",0,E22))-(IF(L22="",0,L22)-IF(K22="",0,K22)),0)) | R22: =IF(COUNTA(B22,H22,E22:F22,K22:L22)=0,"",IF(P22<>"OK","Erreur de saisie",IF(AND(OR(E22<>"",F22<>""),OR(K22<>"",L22<>"")),IF(IF(Q22<0,-Q22,Q22)<='Paramètres'!$B$8,"Apparié","Écart à vérifier"),IF(OR(E22<>"",F22<>""),"Banque seulement","Livres seulement"))))
G23: =IF(COUNTA(E23:F23)=0,"",IFERROR(IF(F23="",0,F23)-IF(E23="",0,E23),0)) | M23: =IF(COUNTA(K23:L23)=0,"",IFERROR(IF(L23="",0,L23)-IF(K23="",0,K23),0)) | P23: =IF(COUNTA(E23:F23,K23:L23)=0,"",IF(AND(E23<>"",F23<>""),"Corriger banque",IF(AND(K23<>"",L23<>""),"Corriger livres","OK"))) | Q23: =IF(COUNTA(E23:F23,K23:L23)=0,"",IFERROR((IF(F23="",0,F23)-IF(E23="",0,E23))-(IF(L23="",0,L23)-IF(K23="",0,K23)),0)) | R23: =IF(COUNTA(B23,H23,E23:F23,K23:L23)=0,"",IF(P23<>"OK","Erreur de saisie",IF(AND(OR(E23<>"",F23<>""),OR(K23<>"",L23<>"")),IF(IF(Q23<0,-Q23,Q23)<='Paramètres'!$B$8,"Apparié","Écart à vérifier"),IF(OR(E23<>"",F23<>""),"Banque seulement","Livres seulement"))))
G24: =IF(COUNTA(E24:F24)=0,"",IFERROR(IF(F24="",0,F24)-IF(E24="",0,E24),0)) | M24: =IF(COUNTA(K24:L24)=0,"",IFERROR(IF(L24="",0,L24)-IF(K24="",0,K24),0)) | P24: =IF(COUNTA(E24:F24,K24:L24)=0,"",IF(AND(E24<>"",F24<>""),"Corriger banque",IF(AND(K24<>"",L24<>""),"Corriger livres","OK"))) | Q24: =IF(COUNTA(E24:F24,K24:L24)=0,"",IFERROR((IF(F24="",0,F24)-IF(E24="",0,E24))-(IF(L24="",0,L24)-IF(K24="",0,K24)),0)) | R24: =IF(COUNTA(B24,H24,E24:F24,K24:L24)=0,"",IF(P24<>"OK","Erreur de saisie",IF(AND(OR(E24<>"",F24<>""),OR(K24<>"",L24<>"")),IF(IF(Q24<0,-Q24,Q24)<='Paramètres'!$B$8,"Apparié","Écart à vérifier"),IF(OR(E24<>"",F24<>""),"Banque seulement","Livres seulement"))))
G25: =IF(COUNTA(E25:F25)=0,"",IFERROR(IF(F25="",0,F25)-IF(E25="",0,E25),0)) | M25: =IF(COUNTA(K25:L25)=0,"",IFERROR(IF(L25="",0,L25)-IF(K25="",0,K25),0)) | P25: =IF(COUNTA(E25:F25,K25:L25)=0,"",IF(AND(E25<>"",F25<>""),"Corriger banque",IF(AND(K25<>"",L25<>""),"Corriger livres","OK"))) | Q25: =IF(COUNTA(E25:F25,K25:L25)=0,"",IFERROR((IF(F25="",0,F25)-IF(E25="",0,E25))-(IF(L25="",0,L25)-IF(K25="",0,K25)),0)) | R25: =IF(COUNTA(B25,H25,E25:F25,K25:L25)=0,"",IF(P25<>"OK","Erreur de saisie",IF(AND(OR(E25<>"",F25<>""),OR(K25<>"",L25<>"")),IF(IF(Q25<0,-Q25,Q25)<='Paramètres'!$B$8,"Apparié","Écart à vérifier"),IF(OR(E25<>"",F25<>""),"Banque seulement","Livres seulement"))))
... G103: =IF(COUNTA(E103:F103)=0,"",IFERROR(IF(F103="",0,F103)-IF(E103="",0,E103),0)) | M103: =IF(COUNTA(K103:L103)=0,"",IFERROR(IF(L103="",0,L103)-IF(K103="",0,K103),0)) | P103: =IF(COUNTA(E103:F103,K103:L103)=0,"",IF(AND(E103<>"",F103<>""),"Corriger banque",IF(AND(K103<>"",L103<>""),"Corriger livres","OK"))) | Q103: =IF(COUNTA(E103:F103,K103:L103)=0,"",IFERROR((IF(F103="",0,F103)-IF(E103="",0,E103))-(IF(L103="",0,L103)-IF(K103="",0,K103)),0)) | R103: =IF(COUNTA(B103,H103,E103:F103,K103:L103)=0,"",IF(P103<>"OK","Erreur de saisie",IF(AND(OR(E103<>"",F103<>""),OR(K103<>"",L103<>"")),IF(IF(Q103<0,-Q103,Q103)<='Paramètres'!$B$8,"Apparié","Écart à vérifier"),IF(OR(E103<>"",F103<>""),"Banque seulement","Livres seulement"))))

Sheet Conciliation
A1: Conciliation bancaire
A3: Entreprise | B3: ='Paramètres'!$B$3
A4: Compte bancaire | B4: ='Paramètres'!$B$5
A5: Période | B5: =CONCATENATE(TEXT('Paramètres'!$B$6,"yyyy-mm-dd")," au ",TEXT('Paramètres'!$B$7,"yyyy-mm-dd"))
A8: Solde bancaire ajusté
A9: Solde du relevé bancaire à la fin | B9: ='Paramètres'!$B$10
A10: Ajouter : dépôts en transit | B10: =IFERROR(SUMIFS('Transactions à rapprocher'!$L$4:$L$103,'Transactions à rapprocher'!$R$4:$R$103,"Livres seulement"),0)
A11: Moins : chèques en circulation | B11: =IFERROR(SUMIFS('Transactions à rapprocher'!$K$4:$K$103,'Transactions à rapprocher'!$R$4:$R$103,"Livres seulement"),0)
A12: Solde bancaire ajusté | B12: =IFERROR(B9+B10-B11,0)
A15: Solde comptable ajusté
A16: Solde comptable au début | B16: ='Paramètres'!$B$11
A17: Ajouter : crédits comptables de la période | B17: =IFERROR(SUM('Transactions à rapprocher'!$L$4:$L$103),0)
A18: Moins : débits comptables de la période | B18: =IFERROR(SUM('Transactions à rapprocher'!$K$4:$K$103),0)
A19: Solde comptable avant ajustements bancaires | B19: =IFERROR(B16+B17-B18,0)
A20: Ajouter : crédits présents seulement à la banque | B20: =IFERROR(SUMIFS('Transactions à rapprocher'!$F$4:$F$103,'Transactions à rapprocher'!$R$4:$R$103,"Banque seulement"),0)
A21: Moins : débits présents seulement à la banque | B21: =IFERROR(SUMIFS('Transactions à rapprocher'!$E$4:$E$103,'Transactions à rapprocher'!$R$4:$R$103,"Banque seulement"),0)
A22: Solde comptable ajusté | B22: =IFERROR(B19+B20-B21,0)
A25: Contrôle final de la conciliation
A26: Écart final | B26: =IFERROR(B12-B22,0)
A27: Résultat | B27: =IF(IF(B26<0,-B26,B26)<='Paramètres'!$B$8,"CONCILIATION ÉQUILIBRÉE","CONCILIATION À VÉRIFIER")
A28: Contrôle du solde bancaire du relevé | B28: =IFERROR('Paramètres'!$B$9+SUM('Transactions à rapprocher'!$F$4:$F$103)-SUM('Transactions à rapprocher'!$E$4:$E$103)-'Paramètres'!$B$10,0)
A29: Résultat du contrôle bancaire | B29: =IF(IF(B28<0,-B28,B28)<='Paramètres'!$B$8,"SOLDE BANCAIRE CONFIRMÉ","VÉRIFIER LE RELEVÉ OU LES TRANSACTIONS")
B30: =""
B31: =""
B32: =""
B33: =""
B34: =""
B35: =""
B36: =""
B37: =""
B38: =""
B39: =""
B40: =""
B41: =""
... B101: =""
